cohdb
Replays
Latest Replays
All Replays
Popular Replays
Top Player Replays
Match Explorer
How It Works
Community
CoH3 Stats
Reddit
Sign in to upload your games and track your stats! →
Sign in with Steam
Match 45188650
Unlisted
Match 45188650
Overview
Messages
Build Orders
End
Panzerpioneer Squad
250 Light Carrier
Selects Panzerjäger Kommand Battlegroup
Selects Mine Fields
Panzerpioneer Squad
Construct Light Support Kompanie
Construct Mechanized Kompanie
Assault Mechanized Group
8 Rad Armored Car
Fire Support Elements
Selects Tank Busters
Selects Crew Shock Tactics
Panzerjäger Squad
18-tonne Recovery Half-track
Selects Defensive Positions
le.IG 18 Support Gun Team
Panzerjäger Mechanized Group
Marder III Tank Destroyer
Assault Grenadier Squad
Vehicle Survival Package
2.5-tonne Medical Truck
Selects Butterfly Bomb Drop
Combat Half-tracks
Butterfly Bomb Drop
Construct Panzerarmee Kommand
Assault Mechanized Group
Butterfly Bomb Drop
Panzerjäger Squad
Walking Stuka Rocket Launcher
Selects Elefant Tank Destroyer
Armored Reserves
StuG Assault Group
Raelook
LolliAMBUSH
Sreca2012
Max1boy
SneaKerz
gb_gbg
0
0
Comments
sign in to comment!
No comments posted yet!